AoeStats
← Dodô Pressão

MegaRandom

504240717Analyzed
3v3 RM · 29d ago on Sep 4, 2026· 89m 17s· 6 players
Game mode
Random Map
Map size
Normal (6 player)
Population
200
Speed
Normal
Resources
Standard
Victory
Conquest
Starting age
Dark Age
Ending age
Imperial Age
RankedLock teamsTeams togetherTeam positionsShared explorationLock speedFull tech treeHidden civsTurbo modeCheats
Victory
Defeat
🇺🇸 Poles · United States
600
+20
🇧🇷 Burgundians · Brazil
532
+22
🇨🇳 Teutons · China
431
+27
🇩🇪 Britons · Germany
727
-32
🇭🇺 Goths · Hungary
660
-22
🇦🇹 Persians · Austria
649
-22
mlt
11:21 Feudal Age
15:14 Castle Age
19:42 Double-Bit Axe
22:31 Loom
24:55 Horse Collar
30:48 Wheelbarrow
31:09 Heavy Plow
31:26 Bow Saw
31:22 Stone Mining
31:23 Gold Mining
32:50 Stone Shaft Mining
34:40 Hand Cart
36:57 Imperial Age
34:39 Bloodlines
37:02 Scale Barding Armor
37:08 Forging
36:50 Fletching
38:01 Ballistics
38:41 Chemistry
37:47 Siege Engineers
37:52 Masonry
38:07 Chain Barding Armor
37:49 Cavalier
39:56 Iron Casting
39:50 Crenellations
40:09 Hoardings
39:57 Ironclad
39:58 Conscription
39:11 Paladin
43:36 Crop Rotation
46:08 Plate Barding Armor
46:34 Blast Furnace
45:04 Pikeman
45:30 Gambesons
45:45 Squires
45:31 Arson
46:12 Halberdier
47:52 Scale Mail Armor
49:15 Elite Teutonic Knight
52:09 Scale Mail Armor
55:02 Caravan
59:55 Chain Mail Armor
61:00 Guilds
64:04 Plate Mail Armor
74:35 Two-Man Saw
89:13 Spies/Treason
Dodô Pressão
4:07 Loom
11:13 Feudal Age
13:31 Double-Bit Axe
17:56 Castle Age
15:54 Double-Bit Axe
15:50 Horse Collar
17:30 Bow Saw
17:22 Heavy Plow
19:45 Wheelbarrow
22:29 Gold Mining
22:31 Stone Mining
27:47 Two-Man Saw
30:44 Hand Cart
32:36 Gold Shaft Mining
32:36 Stone Shaft Mining
32:58 Elite Skirmisher
35:10 Stone Shaft Mining
40:55 Imperial Age
42:56 Chemistry
42:07 Onager
47:02 Flemish Revolution
70:12 Arson
70:28 Squires
Raidho
0:31 Loom
13:32 Feudal Age
14:52 Wheelbarrow
14:05 Double-Bit Axe
15:14 Town Watch
15:35 Horse Collar
16:38 Stone Mining
17:00 Fishing Lines
18:35 Gold Mining
22:02 Fletching
22:39 Bloodlines
24:22 Scale Mail Armor
24:32 Forging
28:09 Castle Age
27:26 Arson
29:14 Bodkin Arrow
29:46 Bow Saw
30:14 Stone Shaft Mining
32:09 Murder Holes
32:36 Ballistics
31:56 Treadmill Crane
34:34 Hand Cart
36:13 Heavy Plow
Herkules9669
6:21 Loom
11:14 Feudal Age
11:56 Double-Bit Axe
18:06 Castle Age
17:56 Horse Collar
26:39 Heavy Plow
26:56 Bow Saw
27:33 Crossbowman
31:23 Wheelbarrow
33:03 Hand Cart
35:22 Imperial Age
34:12 Bloodlines
34:16 Scale Barding Armor
34:22 Forging
36:04 Fletching
36:35 Chain Barding Armor
38:55 Plate Barding Armor
38:56 Iron Casting
45:29 Bodkin Arrow
68:13 Blast Furnace
67:30 Heavy Camel Rider
77:14 Light Cavalry
maxbrinkmann95
0:41 Loom
9:51 Feudal Age
10:37 Man-at-Arms
12:11 Double-Bit Axe
17:27 Forging
25:25 Wheelbarrow
27:31 Scale Mail Armor
31:14 Castle Age
29:55 Stone Mining
31:30 Horse Collar
31:43 Gold Mining
32:17 Light Cavalry
32:56 Long Swordsman
33:22 Gambesons
34:14 Husbandry
38:41 Fletching
40:28 Hand Cart
40:57 Pikeman
41:38 Squires
42:20 Caravan
45:05 Crossbowman
45:44 Bodkin Arrow
45:50 Padded Archer Armor
46:27 Iron Casting
49:46 Imperial Age
47:52 Scale Barding Armor
52:24 Halberdier
52:27 Arbalester
54:07 Elite Longbowman
Havas
0:56 Loom
11:22 Feudal Age
11:53 Double-Bit Axe
13:56 Wheelbarrow
13:50 Horse Collar
16:20 Town Watch
17:04 Bloodlines
18:00 Forging
22:09 Castle Age
21:55 Scale Mail Armor
22:53 Heavy Plow
23:02 Squires
23:50 Pikeman
25:42 Hand Cart
26:52 Gold Mining
28:31 Bow Saw
34:43 Murder Holes
35:15 Anarchy
39:48 Chain Mail Armor
39:58 Town Patrol
42:55 Caravan
45:47 Imperial Age
44:43 Iron Casting
46:50 Conscription
46:31 Perfusion
45:56 Halberdier
50:27 Blast Furnace
52:10 Chemistry
54:51 Crop Rotation
55:24 Two-Man Saw
56:26 Elite Huskarl
70:38 Man-at-Arms
75:47 Long Swordsman
76:49 Two-Handed Swordsman
79:33 Champion
Connection lost

Rejoining the realm…

Still unreachable

The connection could not be restored.

Session expired

The server has moved on; the page needs a fresh start.